 Dungeon Crawl Stone Soup version 0.27-a0-789-g6bb3289e1e (webtiles) character file.

Game seed: 14909848957276764219

1697 rageheart7 the Covert (level 9, -1/73 HPs)
             Began as a Gnoll Delver on Mar 26, 2021.
             Was an Initiate of Gozag.
             Slain by an ogre
             ... wielding a +0 giant club
              (21 damage)
             ... on level 5 of the Dungeon.
             The game lasted 00:10:14 (7938 turns).

rageheart7 the Covert (Gnoll Delver)                Turns: 7938, Time: 00:10:14

Health: -1/73      AC:  9    Str: 14    XL:     9   Next: 3%
Magic:  14/14      EV: 14    Int: 15    God:    Gozag
Gold:   2000       SH:  0    Dex: 15    Spells: 15/15 levels left

rFire    . . .     SeeInvis .   y - +3 flail (protect)
rCold    . . .     Faith    .   (no shield)
rNeg     . . .     Spirit   .   b - +0 leather armour {rPois}
rPois    +         Reflect  .   r - +1 helmet
rElec    .         Harm     .   (no cloak)
rCorr    .         Rampage  .   (no gloves)
Will     .....                  (no boots)
Stlth    ++++......             (no amulet)
HPRegen  0.22/turn              i - +6 ring of intelligence
MPRegen  0.14/turn              o - +4 ring of protection

@: no status effects
A: fangs 1, strong nose, distributed training
a: Renounce Religion, Potion Petition, Call Merchant, Bribe Branch


You were on level 5 of the Dungeon.
You worshipped Gozag.
Gozag was most pleased with you.
You visited 1 branch of the dungeon, and saw 6 of its levels.

You collected 2041 gold pieces.
You paid 41 gold pieces to Gozag.

Inventory:

Hand Weapons
 h - a +1 dagger of venom
 y - a +3 flail of protection (weapon)
Armour
 b - a +0 leather armour of poison resistance (worn)
 r - a +1 helmet (worn)
Jewellery
 i - a +6 ring of intelligence (right hand)
 n - a ring of positive energy
 o - a +4 ring of protection (left hand)
 v - a ring of flight
Wands
 g - a wand of digging (3)
 w - a wand of paralysis (9)
Scrolls
 c - 3 scrolls of fog
 d - a scroll of magic mapping
 e - 2 scrolls of fear
 j - 4 scrolls of teleportation
 l - a scroll of vulnerability
 t - a scroll of amnesia
Potions
 k - a potion of flight
 m - 3 potions of attraction
 p - a potion of might


   Skills:
 + Level 7.6 Fighting
 + Level 3.8 Short Blades
 + Level 3.8 Long Blades
 + Level 3.8 Axes
 + Level 6.0 Maces & Flails
 + Level 3.8 Polearms
 + Level 3.8 Staves
 + Level 3.8 Slings
 + Level 3.8 Bows
 + Level 3.8 Crossbows
 + Level 3.8 Throwing
 + Level 3.8 Armour
 + Level 6.0 Dodging
 + Level 10.2 Stealth
 + Level 3.8 Shields
 + Level 3.8 Unarmed Combat
 + Level 3.8 Spellcasting
 + Level 3.1 Conjurations
 + Level 3.1 Hexes
 + Level 3.1 Summonings
 + Level 3.1 Necromancy
 + Level 3.1 Translocations
 + Level 3.1 Transmutations
 + Level 3.1 Fire Magic
 + Level 3.1 Ice Magic
 + Level 3.1 Air Magic
 + Level 3.1 Earth Magic
 + Level 3.1 Poison Magic
 + Level 4.2 Invocations
 + Level 3.8 Evocations


You had 15 spell levels left.
You didn't know any spells.
Your spell library was empty.

Dungeon Overview and Level Annotations

Branches:
Dungeon (6/15)             Temple (0/1) D:6

Altars:
Cheibriados
Gozag
Sif Muna
Vehumet

Shops:
D:3 !


Innate Abilities, Weirdness & Mutations

You have very sharp teeth.
Your uncanny sense of smell can sniff out nearby items.
Your experience applies equally to all skills.


Message History

The ogre hits you with a +0 giant club!
You barely miss the ogre.
The ogre is lightly wounded.
The ogre misses you. The ogre closely misses you.
You hit the ogre.
Your weapon exudes an aura of protection.
The ogre is lightly wounded.
The ogre hits you with a +0 giant club! The gnoll barely misses you.
There is an open door here.
You see here a +0 flail.
There is an open gate here.
Items here: ( )) [.
Things that are here:
a +0 whip; a +0 chain mail You barely miss the ogre.
You bite the ogre, but do no damage.
The ogre is lightly wounded.
The ogre hits you with a +0 giant club!
You hit the ogre.
Your weapon exudes an aura of protection.
The ogre is moderately wounded.
The ogre hits you but does no damage. The gnoll closely misses you.
The ogre hits you but does no damage.
You hit the ogre.
The ogre is moderately wounded.
The gnoll barely misses you. The ogre hits you with a +0 giant club!
The gnoll closely misses you.
You hit the ogre.
The ogre is heavily wounded.
The ogre hits you with a +0 giant club. The gnoll barely misses you.
The ogre hits you but does no damage. The gnoll hits you but does no damage.
There is a stone staircase leading up here.
The ogre hits you with a +0 giant club!
* * * LOW HITPOINT WARNING * * *
You climb upwards.
There is a stone staircase leading down here.
You barely miss the ogre.
The ogre is heavily wounded.
The ogre hits you with a +0 giant club!!
You die...
Your body crumbles into a pile of gold.

#........###.......##....
#.##.###.# ##.....#######
#.##.# #.# ##...## #.##.#
#.# ##'## #.##.###.# #.#
#........# #.# ####.#####
##.## #####.#####
##...######## #.......O@#
#.....#...... #.###.##..#
##...##.#####
#.###>#.#.######.###.#
#.>..................#
######################


You could see an ogre.

Vanquished Creatures
  Grinder (D:6)
  A steam dragon (D:4)
  A water moccasin (D:6)
  2 ogres
  2 centaurs (D:6)
  2 gnoll sergeants (D:6)
  A jelly (D:5)
  A centaur zombie (D:6)
  6 hounds
  2 orc priests
  2 bullfrog skeletons
  A centaur skeleton (D:6)
  3 iguanas (D:6)
  An orc wizard (D:4)
  A hound zombie (D:5)
  2 hound skeletons
  A howler monkey zombie (D:6)
  A howler monkey skeleton (D:4)
  10 gnolls
  5 adders
  A worm (D:2)
  5 dart slugs
  17 orcs
  3 ball pythons
  3 endoplasms
  3 giant cockroaches
  9 goblins
  8 hobgoblins
  12 jackals
  2 quokkas (D:1)
  7 bats
  11 frilled lizards (D:2)
  A jackal skeleton (D:4)
  6 kobolds
  A quokka skeleton (D:4)
  4 rats
139 creatures vanquished.

Vanquished Creatures (others)
  30 plants (D:6)
30 creatures vanquished.

Grand Total: 169 creatures vanquished

Notes
Turn   | Place    | Note
-------+----------+-------------------------------------------
     0 | D:5      | Reached skill level 9 in Stealth
     0 | D:5      | rageheart7 the Gnoll Delver began the quest for the Orb.
     0 | D:5      | Reached XP level 1. HP: 23/23 MP: 1/1
   129 | D:4      | Reached XP level 2. HP: 25/29 MP: 2/2
   948 | D:1      | Reached XP level 3. HP: 35/35 MP: 3/3
  1601 | D:1      | Reached skill level 1 in Invocations
  2298 | D:2      | Reached skill level 1 in Short Blades
  2298 | D:2      | Reached skill level 1 in Long Blades
  2298 | D:2      | Reached skill level 1 in Axes
  2298 | D:2      | Reached skill level 1 in Polearms
  2298 | D:2      | Reached skill level 1 in Staves
  2298 | D:2      | Reached skill level 1 in Slings
  2298 | D:2      | Reached skill level 1 in Bows
  2298 | D:2      | Reached skill level 1 in Crossbows
  2298 | D:2      | Reached skill level 1 in Throwing
  2298 | D:2      | Reached skill level 1 in Armour
  2298 | D:2      | Reached skill level 1 in Shields
  2298 | D:2      | Reached skill level 1 in Unarmed Combat
  2298 | D:2      | Reached skill level 1 in Spellcasting
  2298 | D:2      | Reached skill level 1 in Evocations
  2326 | D:2      | Reached XP level 4. HP: 19/41 MP: 5/5
  2706 | D:3      | Reached skill level 1 in Conjurations
  2706 | D:3      | Reached skill level 1 in Hexes
  2706 | D:3      | Reached skill level 1 in Summonings
  2706 | D:3      | Reached skill level 1 in Necromancy
  2706 | D:3      | Reached skill level 1 in Translocations
  2706 | D:3      | Reached skill level 1 in Transmutations
  2706 | D:3      | Reached skill level 1 in Fire Magic
  2706 | D:3      | Reached skill level 1 in Ice Magic
  2706 | D:3      | Reached skill level 1 in Air Magic
  2706 | D:3      | Reached skill level 1 in Earth Magic
  2706 | D:3      | Reached skill level 1 in Poison Magic
  3117 | D:3      | Found Taomes's Distillery.
  3243 | D:4      | Reached XP level 5. HP: 46/47 MP: 6/6
  3286 | D:4      | Found a snail-covered altar of Cheibriados.
  3294 | D:4      | Found an opulent altar of Gozag.
  3746 | D:4      | Noticed a steam dragon
  3766 | D:4      | Killed a steam dragon
  3767 | D:4      | Reached skill level 5 in Maces & Flails
  3767 | D:4      | Reached skill level 5 in Dodging
  3767 | D:4      | Reached XP level 6. HP: 30/53 MP: 8/8
  4681 | D:4      | Became a worshipper of Gozag Ym Sagoz the Greedy
  4888 | D:5      | Reached XP level 7. HP: 31/60 MP: 10/10
  5209 | D:5      | Found a shimmering blue altar of Sif Muna.
  5643 | D:5      | Found a radiant altar of Vehumet.
  6101 | D:6      | Noticed Grinder
  6457 | D:6      | Found a staircase to the Ecumenical Temple.
  6473 | D:6      | Reached skill level 10 in Stealth
  6483 | D:6      | Reached XP level 8. HP: 34/67 MP: 12/12
  7015 | D:6      | Identified a scroll of acquirement
  7015 | D:6      | Acquired 1347 gold pieces
  7267 | D:6      | Killed Grinder
  7657 | D:6      | Reached XP level 9. HP: 57/72 MP: 14/14
  7938 | D:5      | Slain by an ogre

Illustrated notes

Levels and vault maps discovered:
D:1:      dpeg_arrival_arbitrary_a, layout_basic
D:2:      layout_basic, minmay_lizard_pond
D:3:      layout_rooms, serial_shops, shop
D:4:      layout_cave_pods, lemuel_round_altar, kennysheep_slug_shrine
D:5:      layout_loops_corners, general_overflow_altar, kennysheep_mini_moat
D:6:      kennysheep_housing_project, layout_basic,
          minmay_temple_entry_drinking_statues,
          hangedman_abyss_or_decor_lesser_grid, grunt_ministairs_13,
          uniq_grinder

Skill      XL: |  1  2  3  4  5  6  7  8 |
---------------+-------------------------+-----
Stealth        | 10 | 10.2
Invocations    | 1 2 3 4 |  4.2
Short Blades   | 1 2 3 |  3.8
Long Blades    | 1 2 3 |  3.8
Axes           | 1 2 3 |  3.8
Polearms       | 1 2 3 |  3.8
Staves         | 1 2 3 |  3.8
Slings         | 1 2 3 |  3.8
Bows           | 1 2 3 |  3.8
Crossbows      | 1 2 3 |  3.8
Throwing       | 1 2 3 |  3.8
Armour         | 1 2 3 |  3.8
Shields        | 1 2 3 |  3.8
Unarmed Combat | 1 2 3 |  3.8
Spellcasting   | 1 2 3 |  3.8
Evocations     | 1 2 3 |  3.8
Conjurations   | 1 2 3 |  3.1
Hexes          | 1 2 3 |  3.1
Summonings     | 1 2 3 |  3.1
Necromancy     | 1 2 3 |  3.1
Translocations | 1 2 3 |  3.1
Transmutations | 1 2 3 |  3.1
Fire Magic     | 1 2 3 |  3.1
Ice Magic      | 1 2 3 |  3.1
Air Magic      | 1 2 3 |  3.1
Earth Magic    | 1 2 3 |  3.1
Poison Magic   | 1 2 3 |  3.1
Maces & Flails | 5 6 |  6.0
Dodging        | 5 6 |  6.0
Fighting       | 7 |  7.6

Action                   |  1- 3 |  4- 6 |  7- 9 || total
-------------------------+-------+-------+-------++-------
Melee: Dagger            |    90 |   160 |    90 ||   340
       Bite              |    10 |    17 |    28 ||    55
       Punch             |     1 |     2 |     2 ||     5
       Flail             |       |       |   155 ||   155
Evoke: Wand              |       |       |     1 ||     1
  Use: Potion            |       |     3 |     6 ||     9
       Scroll            |       |       |    11 ||    11
 Stab: Sleeping          |    14 |     6 |    12 ||    32
       Distracted        |       |     1 |     3 ||     4
       Paralysed         |       |       |     4 ||     4
Armor: Leather armour    |    18 |    61 |   119 ||   198
       Skin              |       |       |     6 ||     6
Dodge: Dodged            |    64 |   104 |   212 ||   380

Table legend: (Time is in decaauts)
 A = Elapsed time spent in this place.
 B = Non-inter-level travel time spent in this place.
 C = Inter-level travel time spent in this place.
 D = Time resting spent in this place.
 E = Time spent auto-exploring this place.
 F = Levels seen in this place.
 G = Mean time per level.
                   A        B        C        D        E       F      G
               +--------+--------+--------+--------+--------+-----+--------+
         Total |   7896 |   7622 |    274 |    726 |   5518 |   6 | 1316.0 |
       Dungeon |   7896 |   7622 |    274 |    726 |   5518 |   6 | 1316.0 |
               +--------+--------+--------+--------+--------+-----+--------+

Top non-repeatable levels by time:
     D:6: 1830 daAuts
     D:4: 1742 daAuts
     D:5: 1440 daAuts
     D:1: 1284 daAuts
     D:2: 919 daAuts
     D:3: 679 daAuts
